 Dungeon Crawl Stone Soup version 0.31-a0-702-gf82c85558f (webtiles) character file.

Game seed: 15833184385421852752

118061 qw the Crack Shot (level 16, -13/108 HPs)
             Began as a Gargoyle Hunter on Sept 7, 2023.
             Was an Elder of Okawaru.
             Mangled by a merfolk
             ... wielding a +0 trident
              (14 damage)
             ... on level 3 of the Shoals.
             The game lasted 00:11:47 (19357 turns).

qw the Crack Shot (Gargoyle Hunter)                Turns: 19357, Time: 00:11:48

Health: -13/108    AC: 35    Str: 20    XL:     16   Next: 75%
Magic:  21/23      EV: 25    Int: 12    God:    Okawaru [****..]
Gold:   3588       SH:  0    Dex: 25    Spells: 15/15 levels left

rFire   . . .        Y - +3 triple crossbow (flame)
rCold   . . .        (shield currently unavailable)
rNeg    + . .        v - +3 leather armour of Eternity {Will+}
rPois   inf          o - +2 helmet
rElec   +            t - +2 cloak
rCorr   .            a - +0 pair of gloves "Misetal" {Str+5}
SInv    .            u - +2 pair of boots
Will    ++...        d - amulet of regeneration
Stlth   ++++         n - +6 ring of dexterity
HPRegen 1.18/turn    j - +4 ring of protection
MPRegen 0.18/turn

%: no passive effects
@: about to teleport, heroic, engulfed, flying
A: sickness immunity, AC +12, big wings, negative energy resistance 1,
electricity resistance, torment resistance 1, petrification resistance
a: Renounce Religion, Heroism, Finesse


You were on level 3 of the Shoals.
You worshipped Okawaru.
Okawaru was greatly pleased with you.
You visited 4 branches of the dungeon, and saw 25 of its levels.

You collected 4180 gold pieces.
You spent 592 gold pieces at shops.


Innate Abilities, Weirdness & Mutations

You are immune to sickness and miasma.
Your stone body is resilient. (AC +12)
You are immune to poison.
Your large and strong wings let you fly.
You resist negative energy. (rN+)
You are resistant to electric shocks. (rElec)
You are resistant to unholy torment.
You are immune to petrification.


   Skills:
 - Level 15.0(20.0) Fighting
 + Level 21.2(26.2) Ranged Weapons
 - Level 7.0(12.0) Armour
 - Level 10.0(15.0) Dodging
 - Level 1.1(6.1) Stealth
 - Level 10.0 Invocations


You had 15 spell levels left.
You didn't know any spells.
Your spell library was empty.

Inventory:

Hand Weapons
 Y - a +3 triple crossbow of flaming (weapon)
Armour
 a - the +0 pair of gloves "Misetal" (worn) {Str+5}
   (You acquired it on level 1 of the Dungeon)

   Str+5:     It affects your strength (+5).
 l - a +0 troll leather armour {Pargi}
 o - a +2 helmet (worn)
 t - a +2 cloak (worn)
 u - a +2 pair of boots (worn)
 v - the +3 leather armour of Eternity (worn) {Will+}
   (You bought it in a shop on level 2 of the Orcish Mines)

   Will+:     It increases your willpower.
Jewellery
 d - an amulet of regeneration (around neck)
 e - a ring of protection from fire
 j - a +4 ring of protection (right hand)
 n - a +6 ring of dexterity (left hand)
Scrolls
 f - 2 scrolls of teleportation
 i - 9 scrolls of identify
 p - 5 scrolls of enchant armour
Potions
 b - 5 potions of haste
 c - 5 potions of magic
 g - a potion of might
 h - 4 potions of heal wounds
 k - 6 potions of curing
 m - 2 potions of resistance
 q - a potion of mutation {unknown}
 s - 2 potions of enlightenment

Dungeon Overview and Level Annotations

Branches:
Dungeon (15/15)            Temple (0/1) D:6            Lair (5/5) D:11
 Shoals (3/4) Lair:2       Spider (0/4) Lair:3        Slime (0/5) Lair:4
    Orc (2/2) D:9             Elf (0/3) Orc:2        Vaults (0/5) D:14
 Depths (0/4) D:15

Altars:
Cheibriados
Dithmenos
Gozag
Hepliaklqana
Kikubaaqudgha
Okawaru
Uskayaw
Wu Jian

Shops:
Orc:2 [=(*

Annotations:
D:2 1 runed translucent door, Crazy Yiuf
D:8 3 runed translucent doors, qw's ghost, novice GrHu


Message History

You kill the merfolk aquamancer!
Okawaru accepts your kill.
You hear a splash. x2
The merfolk closely misses you. The merfolk misses you.
The water elemental closely misses you. x2
The snapping turtle bites you but does no damage.
The merfolk hits you from afar with a +0 trident!
A skyshark comes into view.
You shoot a bolt.
The bolt closely misses the water elemental.
The bolt hits the merfolk!!
The bolt burns the merfolk!
The merfolk is heavily wounded.
The merfolk closely misses you. The merfolk completely misses you.
The water elemental hits you. x2
The snapping turtle bites you from afar!!
The merfolk barely misses you.
The merfolk hits you from afar with a +0 trident!
The merfolk barely misses you.
19355 ||| INVOKING Heroism.
You gain the combat prowess of a mighty hero.
The water elemental misses you.
The water elemental completely misses you.
The snapping turtle bites you from afar!
The merfolk barely misses you. The merfolk completely misses you.
The merfolk hits you from afar with a +0 trident.
You shoot a bolt. The bolt hits the water elemental!
The bolt burns the water elemental!
The water elemental is heavily damaged.
The water elemental closely misses you. The water elemental hits you.
The snapping turtle barely misses you.
The merfolk hits you from afar with a +0 trident!
The merfolk closely misses you.
The merfolk hits you but does no damage.
19357 ||| READING 3 scrolls of teleportation.
As you read the scroll of teleportation, it crumbles to dust.
You feel strangely unstable. The water elemental hits you!
The water elemental closely misses you. The snapping turtle barely misses you.
The merfolk hits you from afar with a +0 trident! x2
You die...

<..~~~~~...####
.~~..~...~....##
~~~.......~....#
~~~~......>....#
~~~.............
.~~............
~~....t~m~~.#
~~~~~~~)E~~.###.
~~~~~~mE@~~~~...
~~~~~~m~l~~~~~~.
~~~~~~~~~~~~~~~~
~~~~~~~~~~~~..~~
~~~~~~~~~~~~.~~~
~~~~~~~~~~~~~~~~
~~~~~~~~~~~~~~~~
~~~~~~~~~~~~~~~


You could see a skyshark, a snapping turtle, 3 merfolk and 2 water elementals.

Vanquished Creatures
  Saint Roka (Orc:2)
  2 krakens
  Nessos (D:12)
  3 hydras
  2 rakshasas
  A catoblepas (Lair:3)
  4 centaur warriors
  A merfolk aquamancer (Shoals:3)
  An alligator (Lair:5)
  A boulder beetle (D:12)
  2 merfolk avatars (Shoals:1)
  8 two-headed ogres
  A tengu warrior (D:10)
  A deep troll earth mage (D:15)
  2 orc high priests (Orc:2)
  Sonja (Lair:3)
  A deep elf knight (D:14)
  A fire crab (Lair:3)
  Amaemon (Lair:2)
  5 skysharks
  Lodul (D:12)
  6 skeletal warriors (D:14)
  Pikel (D:4)
  4 orc knights
  3 harpies (Lair:2)
  3 deep elf pyromancers
  21 ugly things
  3 orc sorcerers
  5 manticores
  7 cyclopes
  2 oklob plants (Lair:5)
  4 fauns (Shoals:1)
  20 elephants
  Maurice (D:11)
  3 water nymphs (Shoals:1)
  A guardian serpent (Lair:5)
  4 merfolk sirens (Shoals:1)
  4 centaur skeletons (D:14)
  6 gargoyles
  13 black mambas
  Jeremiah (D:6)
  17 cane toads
  An orange demon (Lair:2)
  5 rime drakes
  A kobold demonologist (D:12)
  A yaktaur (shapeshifter) (D:11)
  7 komodo dragons
  A tengu conjurer (D:13)
  A meliai (shapeshifter) (D:15)
  11 trolls
  2 polar bears (D:11)
  5 hornets
  6 merfolk
  2 wind drakes
  A blink frog (shapeshifter) (D:15)
  Prince Ribbit (D:6)
  Grinder (D:5)
  16 blink frogs
  11 dream sheep
  A jumping spider (shapeshifter) (D:15)
  3 culicivoras (Lair:3)
  A snapping turtle (Shoals:1)
  14 slime creatures
  A shadow (D:9)
  A centaur simulacrum (D:14)
  2 wraiths
  9 wyverns
  59 yaks
  5 basilisks
  2 steam dragons (D:8)
  3 vampire mosquitoes (D:14)
  A warg (Orc:2)
  2 acid dragons
  24 water moccasins
  A floating eye (Lair:5)
  A meliai simulacrum (D:15)
  2 black bears
  Pargi (D:3)
  A black bear (shapeshifter) (D:15)
  A sky beast (D:7)
  7 ice beasts
  32 orc warriors
  15 wolves
  8 centaurs
  17 ogres
  A boggart (D:14)
  2 lemures (D:4)
  8 kobold brigands
  12 bullfrogs
  2 scorpions
  7 gnoll sergeants (D:9)
  7 wights
  2 two-headed ogre simulacra (Orc:2)
  18 killer bees
  An elephant simulacrum (Orc:2)
  10 howler monkeys
  2 electric eels
  21 orc priests
  3 jellies
  A gnoll bouda (D:4)
  3 hounds (D:5)
  2 iguanas
  Natasha (thrice) (D:2)
  22 orc wizards
  3 troll simulacra (Orc:2)
  7 hell rats (Lair:4)
  A wolf simulacrum (Orc:2)
  Robin (D:2)
  18 gnolls
  9 adders
  A naga simulacrum (Orc:2)
  2 shadow imps
  2 white imps
  An ufetubus (D:6)
  A worm (D:5)
  4 dart slugs
  71 orcs
  7 ball pythons
  3 endoplasms
  2 giant cockroaches
  12 goblins
  12 hobgoblins
  9 jackals
  21 kobolds
  5 bats
  6 frilled lizards
  2 rats
  A tentacle (Shoals:2)
785 creatures vanquished.

Vanquished Creatures (others)
  An orc wizard (D:4)
  8 tentacles
9 creatures vanquished.

Grand Total: 794 creatures vanquished

Notes
Turn   | Place    | Note
-------+----------+-------------------------------------------
     0 | D:1      | qw the Gargoyle Hunter began the quest for the Orb.
     0 | D:1      | Reached XP level 1. HP: 12/12 MP: 1/1
     0 | D:1      | 0 ||| qw: Version: 0.3-a-76-g4403597
     0 | D:1      | 0 ||| qw: Game counter: 839
     0 | D:1      | 0 ||| qw: Melee chars always use a shield: true
     0 | D:1      | 0 ||| qw: God list: Okawaru
     0 | D:1      | 0 ||| qw: Allow faded altars: false
     0 | D:1      | 0 ||| qw: Do Orc after clearing Dungeon:15 true
     0 | D:1      | 0 ||| qw: Do second Lair branch before Depths: true
     0 | D:1      | 0 ||| qw: Lair rune preference: random
     0 | D:1      | 0 ||| qw: Goals: Normal
     0 | D:1      | 0 ||| PLANNING D:1-11
   190 | D:1      | Reached XP level 2. HP: 17/17 MP: 2/2
   754 | D:1      | 754 ||| UPGRADING to amulet of regeneration.
   759 | D:1      | 759 ||| UPGRADING to +4 ring of slaying {mikee}.
   760 | D:1      | 760 ||| UPGRADING to ring of protection from fire.
   761 | D:1      | 761 ||| UPGRADING to +4 ring of protection.
   763 | D:1      | 763 ||| READING scroll labelled ITINUECOPT.
   763 | D:1      | Identified a scroll of acquirement
   763 | D:1      | 763 ||| ACQUIRING +0 pair of gloves "Misetal" {Str+5}
   763 | D:1      | Acquired the +0 pair of gloves "Misetal" {Str+5}
   765 | D:1      | 765 ||| UPGRADING to +0 pair of gloves "Misetal" {Str+5}.
   770 | D:1      | 770 ||| READING 3 scrolls labelled NOM NAUNASOSE.
   771 | D:1      | 771 ||| READING scroll labelled NOUSHOS RYAGI.
   772 | D:1      | 772 ||| READING 2 scrolls of identify.
   772 | D:1      | 772 ||| IDENTIFYING sedimented inky potion
   773 | D:1      | 773 ||| DROPPING scroll of butterflies.
   795 | D:2      | Found an ancient bone altar of Kikubaaqudgha.
   868 | D:2      | Reached skill level 5 in Ranged Weapons
   868 | D:2      | Reached XP level 3. HP: 21/21 MP: 3/3
   954 | D:2      | Found a runed translucent door.
   955 | D:2      | Noticed Crazy Yiuf
   998 | D:2      | Noticed Natasha
  1000 | D:2      | 1000 ||| Stepping ~*~*~tactically~*~*~ (retreating).
  1001 | D:2      | 1001 ||| Stepping ~*~*~tactically~*~*~ (retreating).
  1002 | D:2      | 1002 ||| Stepping ~*~*~tactically~*~*~ (retreating).
  1003 | D:2      | 1003 ||| Stepping ~*~*~tactically~*~*~ (retreating).
  1004 | D:2      | 1004 ||| Stepping ~*~*~tactically~*~*~ (retreating).
  1006 | D:2      | 1006 ||| Stepping ~*~*~tactically~*~*~ (retreating).
  1007 | D:2      | 1007 ||| Stepping ~*~*~tactically~*~*~ (retreating).
  1010 | D:2      | Killed Natasha
  1011 | D:2      | Reached skill level 3 in Fighting
  1011 | D:2      | Reached XP level 4. HP: 16/28 MP: 4/4
  1145 | D:2      | Noticed Natasha
  1155 | D:2      | Killed Natasha
  1165 | D:2      | Noticed Natasha
  1171 | D:2      | Killed Natasha
  1172 | D:2      | Reached XP level 5. HP: 29/32 MP: 5/5
  1322 | D:2      | Noticed Robin
  1324 | D:2      | Killed Robin
  1325 | D:2      | Reached skill level 6 in Ranged Weapons
  1594 | D:2      | 1594 ||| UPGRADING to +0 ring mail.
  1604 | D:2      | 1604 ||| DROPPING +0 leather armour.
  1605 | D:2      | 1605 ||| UPGRADING to +0 helmet.
  1610 | D:2      | 1610 ||| DROPPING ring of protection from cold.
  1611 | D:2      | 1611 ||| READING scroll labelled COSUS ULUNG.
  1612 | D:2      | 1612 ||| READING scroll labelled ZUETUSHR BIONK.
  1613 | D:2      | 1613 ||| READING 2 scrolls of identify.
  1613 | D:2      | 1613 ||| IDENTIFYING fizzy sapphire potion
  1711 | D:3      | 1711 ||| Stepping ~*~*~tactically~*~*~ (outnumbered).
  1713 | D:3      | 1713 ||| Stepping ~*~*~tactically~*~*~ (outnumbered).
  1742 | D:3      | Reached skill level 1 in Armour
  1765 | D:3      | Found a snail-covered altar of Cheibriados.
  1766 | D:3      | Noticed Pargi
  1786 | D:3      | Killed Pargi
  1787 | D:3      | Reached XP level 6. HP: 39/39 MP: 6/6
  1914 | D:3      | 1914 ||| READING scroll of enchant armour.
  1914 | D:3      | 1914 ||| ENCHANTING +0 helmet.
  1939 | D:3      | Found a faded altar of an unknown god.
  2100 | D:3      | 2100 ||| READING scroll of enchant armour.
  2100 | D:3      | 2100 ||| ENCHANTING +1 helmet.
  2261 | D:3      | Found a hide-covered altar of Uskayaw.
  2270 | D:3      | Found an iron altar of Okawaru.
  2271 | D:3      | 2271 ||| PLANNING OKAWARU WORSHIP
  2271 | D:3      | 2271 ||| UPGRADING to +0 troll leather armour {Pargi}.
  2281 | D:3      | 2281 ||| DROPPING +0 ring mail.
  2284 | D:3      | Became a worshipper of Warmaster Okawaru
  2285 | D:3      | 2285 ||| PLANNING D:1-11
  2484 | D:4      | Noticed Pikel
  2508 | D:4      | Killed Pikel
  2508 | D:4      | Reached * piety under Okawaru
  2508 | D:4      | Reached ** piety under Okawaru
  2509 | D:4      | Reached skill level 8 in Ranged Weapons
  2509 | D:4      | Reached XP level 7. HP: 44/44 MP: 7/7
  2533 | D:4      | 2533 ||| RETREATING.
  2556 | D:4      | Reached skill level 1 in Invocations
  2556 | D:4      | Reached XP level 8. HP: 48/48 MP: 8/8
  2611 | D:4      | 2611 ||| INVOKING Heroism.
  2615 | D:4      | 2615 ||| Stepping ~*~*~tactically~*~*~ (outnumbered).
  2616 | D:4      | 2616 ||| RETREATING.
  2617 | D:4      | 2617 ||| RETREATING.
  2795 | D:4      | 2795 ||| RETREATING.
  2801 | D:4      | 2801 ||| INVOKING Heroism.
  3106 | D:4      | 3106 ||| Stepping ~*~*~tactically~*~*~ (outnumbered).
  3108 | D:4      | 3108 ||| Stepping ~*~*~tactically~*~*~ (outnumbered).
  3120 | D:4      | Reached skill level 3 in Invocations
  3237 | D:4      | 3237 ||| UPGRADING to +6 ring of dexterity.
  3239 | D:4      | 3239 ||| DROPPING +4 ring of slaying {mikee}.
  3240 | D:4      | 3240 ||| READING 2 scrolls labelled ZOHYMED SOGO.
  3246 | D:4      | 3246 ||| READING scroll labelled VATHAZUJIC.
  3247 | D:4      | 3247 ||| READING 2 scrolls of identify.
  3247 | D:4      | 3247 ||| IDENTIFYING purple potion
  3248 | D:4      | 3248 ||| DROPPING scroll of torment.
  3271 | D:5      | Entered Level 5 of the Dungeon
  3276 | D:5      | Reached skill level 9 in Ranged Weapons
  3297 | D:5      | 3297 ||| INVOKING Heroism.
  3354 | D:5      | 3354 ||| INVOKING Heroism.
  3427 | D:5      | Noticed Grinder
  3428 | D:5      | 3428 ||| INVOKING Heroism.
  3431 | D:5      | 3431 ||| RETREATING.
  3431 | D:5      | Paralysed by Grinder for 5 turns
  3451 | D:5      | Killed Grinder
  3452 | D:5      | Reached skill level 3 in Dodging
  3607 | D:5      | 3607 ||| Stepping ~*~*~tactically~*~*~ (outnumbered).
  3609 | D:5      | 3609 ||| Stepping ~*~*~tactically~*~*~ (outnumbered).
  3611 | D:5      | 3611 ||| Stepping ~*~*~tactically~*~*~ (outnumbered).
  3614 | D:5      | 3614 ||| INVOKING Heroism.
  3715 | D:5      | 3715 ||| INVOKING Heroism.
  3740 | D:5      | Reached XP level 9. HP: 55/55 MP: 12/12
  3868 | D:5      | 3868 ||| READING scroll labelled LEID CEMAZECH.
  3869 | D:5      | 3869 ||| READING scroll labelled MUUSER LOQI.
  3879 | D:6      | 3879 ||| STAIRDANCE
  3895 | D:5      | Reached skill level 6 in Fighting
  3897 | D:5      | 3897 ||| SWAPPING to +0 orcbow.
  3898 | D:5      | 3898 ||| DROPPING +1 shortbow.
  3901 | D:6      | Noticed Jeremiah
  3902 | D:6      | 3902 ||| STAIRDANCE
  3922 | D:6      | 3922 ||| STAIRDANCE
  3931 | D:6      | 3931 ||| STAIRDANCE
  3942 | D:6      | 3942 ||| STAIRDANCE
  4015 | D:6      | 4015 ||| INVOKING Heroism.
  4022 | D:6      | HP: 9/56 [Jeremiah/divine providence (14)]
  4023 | D:6      | 4023 ||| DRINKING 4 potions of heal wounds.
  4028 | D:6      | HP: 13/56 [Jeremiah/divine providence (10)]
  4029 | D:6      | 4029 ||| DRINKING 3 potions of heal wounds.
  4070 | D:6      | 4070 ||| INVOKING Heroism.
  4071 | D:6      | Killed Jeremiah
  4113 | D:6      | Found a staircase to the Ecumenical Temple.
  4115 | D:6      | Noticed Prince Ribbit
  4116 | D:6      | 4116 ||| INVOKING Heroism.
  4120 | D:6      | Killed Prince Ribbit
  4121 | D:6      | Reached skill level 10 in Ranged Weapons
  4188 | D:6      | 4188 ||| INVOKING Heroism.
  4298 | D:6      | 4298 ||| INVOKING Heroism.
  4719 | D:6      | 4719 ||| DROPPING ring of magical power.
  4720 | D:6      | 4720 ||| DROPPING ring of resist corrosion.
  4721 | D:6      | 4721 ||| READING 2 scrolls of identify.
  4721 | D:6      | 4721 ||| IDENTIFYING lumpy dark potion
  4722 | D:6      | 4722 ||| DROPPING potion of lignification.
  4747 | D:7      | Reached *** piety under Okawaru
  4761 | D:7      | Reached skill level 11 in Ranged Weapons
  4772 | D:7      | Reached XP level 10. HP: 63/63 MP: 13/13
  4775 | D:7      | 4775 ||| INVOKING Heroism.
  4812 | D:7      | 4812 ||| RETREATING.
  4952 | D:7      | Found an opulent altar of Gozag.
  5147 | D:7      | 5147 ||| READING scroll labelled IPYEMECWI RUGHIZ.
  5148 | D:7      | 5148 ||| READING scroll labelled LACEDI PYRRU.
  5149 | D:7      | 5149 ||| READING 4 scrolls of identify.
  5149 | D:7      | 5149 ||| IDENTIFYING murky black potion
  5150 | D:7      | 5150 ||| READING 3 scrolls of identify.
  5150 | D:7      | 5150 ||| IDENTIFYING viscous cyan potion
  5151 | D:7      | 5151 ||| DROPPING potion of attraction.
  5169 | D:8      | 5169 ||| RETREATING.
  5170 | D:8      | 5170 ||| INVOKING Heroism.
  5172 | D:8      | 5172 ||| Stepping ~*~*~tactically~*~*~ (retreating).
  5173 | D:8      | 5173 ||| Stepping ~*~*~tactically~*~*~ (retreating).
  5193 | D:8      | 5193 ||| INVOKING Heroism.
  5400 | D:8      | 5400 ||| Stepping ~*~*~tactically~*~*~ (outnumbered).
  5435 | D:8      | Identified the ring of Kiago {rPois Int+7 Slay+3}
  5442 | D:8      | 5442 ||| RETREATING.
  5446 | D:8      | Reached skill level 12 in Ranged Weapons
  5475 | D:8      | Reached **** piety under Okawaru
  5538 | D:8      | Found an ornate altar of the Wu Jian Council.
  5634 | D:8      | 5634 ||| INVOKING Heroism.
  5729 | D:8      | 5729 ||| INVOKING Heroism.
  5884 | D:8      | Found a runed translucent gate.
  5885 | D:8      | Found a runed translucent gate.
  5886 | D:8      | Found a runed translucent gate.
  5888 | D:8      | Noticed qw's ghost (novice GrHu)
  5890 | D:8      | Noticed qw's ghost (novice GrHu)
  6070 | D:8      | 6070 ||| DROPPING ring of ice.
  6071 | D:8      | 6071 ||| DROPPING ring of Kiago {rPois Int+7 Slay+3}.
  6072 | D:8      | 6072 ||| READING scroll labelled YZAOG NUN UVEXT.
  6131 | D:9      | Noticed a two-headed ogre
  6132 | D:9      | 6132 ||| INVOKING Heroism.
  6134 | D:9      | Killed a two-headed ogre
  6167 | D:9      | Reached skill level 13 in Ranged Weapons
  6168 | D:9      | Reached XP level 11. HP: 68/68 MP: 14/14
  6196 | D:9      | Found a shadowy altar of Dithmenos.
  6289 | D:9      | 6289 ||| Stepping ~*~*~tactically~*~*~ (outnumbered).
  6295 | D:9      | 6295 ||| RETREATING.
  6335 | D:9      | 6335 ||| INVOKING Heroism.
  6345 | D:9      | Received a gift from Okawaru
  6376 | D:9      | Reached skill level 6 in Invocations
  6390 | D:9      | 6390 ||| Stepping ~*~*~tactically~*~*~ (retreating).
  6395 | D:9      | 6395 ||| INVOKING Heroism.
  6415 | D:9      | Reached skill level 9 in Fighting
  6438 | D:9      | Reached skill level 3 in Armour
  6468 | D:9      | Found a staircase to the Orcish Mines.
  6476 | D:9      | 6476 ||| READING scroll of acquirement.
  6476 | D:9      | 6476 ||| ACQUIRING 769 gold pieces
  6476 | D:9      | Acquired 769 gold pieces
  6605 | D:9      | 6605 ||| INVOKING Heroism.
  6682 | D:9      | 6682 ||| READING scroll labelled UVVYXT BYHA.
  6709 | D:10     | Entered Level 10 of the Dungeon
  6713 | D:10     | 6713 ||| INVOKING Heroism.
  6714 | D:10     | 6714 ||| Stepping ~*~*~tactically~*~*~ (outnumbered).
  6716 | D:10     | 6716 ||| RETREATING.
  6717 | D:10     | 6717 ||| Stepping ~*~*~tactically~*~*~ (outnumbered).
  6730 | D:10     | 6730 ||| Stepping ~*~*~tactically~*~*~ (outnumbered).
  6732 | D:10     | 6732 ||| Stepping ~*~*~tactically~*~*~ (outnumbered).
  6764 | D:10     | Found a hazy altar of Hepliaklqana.
  6778 | D:10     | 6778 ||| READING scroll of brand weapon.
  6778 | D:10     | 6778 ||| BRANDING +0 orcbow of freezing.
  6854 | D:10     | 6854 ||| RETREATING.
  6903 | D:10     | Reached ***** piety under Okawaru
  6968 | D:10     | Noticed a two-headed ogre
  6969 | D:10     | 6969 ||| INVOKING Heroism.
  6973 | D:10     | Killed a two-headed ogre
  7027 | D:10     | 7027 ||| INVOKING Heroism.
  7176 | D:10     | 7176 ||| Stepping ~*~*~tactically~*~*~ (outnumbered).
  7178 | D:10     | 7178 ||| RETREATING.
  7179 | D:10     | 7179 ||| INVOKING Heroism.
  7179 | D:10     | Noticed a tengu warrior
  7181 | D:10     | 7181 ||| RETREATING.
  7184 | D:10     | 7184 ||| Stepping ~*~*~tactically~*~*~ (retreating).
  7188 | D:10     | 7188 ||| Stepping ~*~*~tactically~*~*~ (retreating).
  7197 | D:10     | 7197 ||| Stepping ~*~*~tactically~*~*~ (retreating).
  7200 | D:10     | HP: 9/71 [tengu warrior/+0 great mace (11)]
  7201 | D:10     | 7201 ||| READING 3 scrolls of teleportation.
  7202 | D:10     | 7202 ||| DRINKING 2 potions of heal wounds.
  7252 | D:10     | 7252 ||| INVOKING Heroism.
  7285 | D:10     | 7285 ||| INVOKING Heroism.
  7322 | D:10     | Noticed a two-headed ogre
  7323 | D:10     | 7323 ||| INVOKING Heroism.
  7331 | D:10     | Noticed a two-headed ogre
  7333 | D:10     | Killed a two-headed ogre
  7334 | D:10     | Reached skill level 9 in Invocations
  7345 | D:10     | Killed a two-headed ogre
  7346 | D:10     | Reached skill level 14 in Ranged Weapons
  7346 | D:10     | Reached XP level 12. HP: 71/76 MP: 18/18
  7377 | D:10     | Killed a tengu warrior
  7492 | D:10     | 7492 ||| SWAPPING to +0 arbalest.
  7493 | D:10     | 7493 ||| DROPPING +0 orcbow of draining.
  7494 | D:10     | 7494 ||| READING 9 scrolls of identify.
  7494 | D:10     | 7494 ||| IDENTIFYING silvery potion
  7495 | D:10     | 7495 ||| DROPPING potion of brilliance.
  7575 | D:11     | 7575 ||| RETREATING.
  7587 | D:11     | 7587 ||| INVOKING Heroism.
  7647 | D:11     | 7647 ||| INVOKING Heroism.
  7698 | D:11     | 7698 ||| INVOKING Heroism.
  7721 | D:11     | Found a staircase to the Lair.
  7758 | D:11     | Reached skill level 6 in Dodging
  7796 | D:11     | Identified the +3 leather armour of the Evening {rPois rN+}
  7904 | D:11     | 7904 ||| INVOKING Heroism.
  8126 | D:11     | Noticed Maurice
  8140 | D:11     | Killed Maurice
  8373 | D:11     | 8373 ||| PLANNING LAIR
  8373 | D:11     | 8373 ||| DROPPING +3 leather armour of the Evening {rPois
                  | rN+}.
  8374 | D:11     | 8374 ||| UPGRADING to +0 cloak.
  8379 | D:11     | 8379 ||| READING 4 scrolls of enchant armour.
  8379 | D:11     | 8379 ||| ENCHANTING +0 cloak.
  8380 | D:11     | 8380 ||| READING 3 scrolls of enchant armour.
  8380 | D:11     | 8380 ||| ENCHANTING +1 cloak.
  8381 | D:11     | 8381 ||| READING scroll labelled VYEHOPRIRO.
  8382 | D:11     | 8382 ||| READING 8 scrolls of identify.
  8382 | D:11     | 8382 ||| IDENTIFYING golden potion
  8383 | D:11     | 8383 ||| READING 7 scrolls of identify.
  8383 | D:11     | 8383 ||| IDENTIFYING clear potion
  8436 | Lair:1   | Entered Level 1 of the Lair of Beasts
  8468 | Lair:1   | 8468 ||| RETREATING.
  8472 | Lair:1   | 8472 ||| Stepping ~*~*~tactically~*~*~ (retreating).
  8481 | Lair:1   | 8481 ||| Stepping ~*~*~tactically~*~*~ (retreating).
  8530 | Lair:1   | Reached skill level 15 in Ranged Weapons
  8533 | Lair:1   | Received a gift from Okawaru
  8537 | Lair:1   | 8537 ||| SWAPPING to +3 longbow of freezing.
  8538 | Lair:1   | 8538 ||| DROPPING +0 arbalest.
  8635 | Lair:1   | 8635 ||| Stepping ~*~*~tactically~*~*~ (retreating).
  9420 | Lair:2   | Reached XP level 13. HP: 82/82 MP: 20/20
  9426 | Lair:2   | 9426 ||| INVOKING Heroism.
  9446 | Lair:2   | 9446 ||| RETREATING.
  9446 | Lair:2   | Found a staircase to the Shoals.
  9449 | Lair:2   | Reached skill level 16 in Ranged Weapons
  9470 | Lair:2   | 9470 ||| RETREATING.
  9533 | Lair:2   | Noticed Amaemon
  9534 | Lair:2   | 9534 ||| INVOKING Heroism.
  9546 | Lair:2   | Killed Amaemon
  9649 | Lair:2   | 9649 ||| RETREATING.
  9651 | Lair:2   | 9651 ||| Stepping ~*~*~tactically~*~*~ (retreating).
  9652 | Lair:2   | 9652 ||| Stepping ~*~*~tactically~*~*~ (retreating).
  9653 | Lair:2   | 9653 ||| Stepping ~*~*~tactically~*~*~ (retreating).
  9658 | Lair:2   | 9658 ||| Stepping ~*~*~tactically~*~*~ (retreating).
  9660 | Lair:2   | 9660 ||| Stepping ~*~*~tactically~*~*~ (retreating).
  9766 | Lair:2   | 9766 ||| INVOKING Heroism.
  9862 | Lair:2   | 9862 ||| READING scroll labelled ASMUPHYJUUD.
  9882 | Lair:2   | 9882 ||| RETREATING.
  9883 | Lair:2   | 9883 ||| RETREATING.
  9886 | Lair:2   | 9886 ||| Stepping ~*~*~tactically~*~*~ (retreating).
  9887 | Lair:2   | 9887 ||| Stepping ~*~*~tactically~*~*~ (retreating).
  9888 | Lair:2   | 9888 ||| Stepping ~*~*~tactically~*~*~ (retreating).
  9889 | Lair:2   | 9889 ||| Stepping ~*~*~tactically~*~*~ (retreating).
  9895 | Lair:2   | 9895 ||| Stepping ~*~*~tactically~*~*~ (retreating).
  9896 | Lair:2   | 9896 ||| Stepping ~*~*~tactically~*~*~ (retreating).
  9897 | Lair:2   | 9897 ||| Stepping ~*~*~tactically~*~*~ (retreating).
  9898 | Lair:2   | 9898 ||| Stepping ~*~*~tactically~*~*~ (retreating).
  9899 | Lair:2   | 9899 ||| Stepping ~*~*~tactically~*~*~ (retreating).
  9900 | Lair:2   | 9900 ||| Stepping ~*~*~tactically~*~*~ (retreating).
  9901 | Lair:2   | Received a gift from Okawaru
  9904 | Lair:2   | 9904 ||| Stepping ~*~*~tactically~*~*~ (retreating).
  9905 | Lair:2   | 9905 ||| Stepping ~*~*~tactically~*~*~ (retreating).
  9906 | Lair:2   | 9906 ||| Stepping ~*~*~tactically~*~*~ (retreating).
 10257 | Lair:3   | Noticed Sonja
 10258 | Lair:3   | 10258 ||| INVOKING Finesse.
 10265 | Lair:3   | Killed Sonja
 10330 | Lair:3   | 10330 ||| Stepping ~*~*~tactically~*~*~ (cloud).
 10332 | Lair:3   | 10332 ||| Stepping ~*~*~tactically~*~*~ (cloud).
 10710 | Lair:3   | 10710 ||| INVOKING Heroism.
 10711 | Lair:3   | 10711 ||| INVOKING Finesse.
 10773 | Lair:3   | 10773 ||| INVOKING Heroism.
 10865 | Lair:3   | 10865 ||| Stepping ~*~*~tactically~*~*~ (outnumbered).
 10871 | Lair:3   | Received a gift from Okawaru
 10878 | Lair:3   | 10878 ||| SWAPPING to +3 triple crossbow of flaming.
 10879 | Lair:3   | 10879 ||| DROPPING +3 longbow of freezing.
 10894 | Lair:3   | Found a hole to the Spider Nest.
 11275 | Lair:3   | 11275 ||| READING scroll labelled HUZICA OROPS.
 11294 | Lair:4   | Found a staircase to the Slime Pits.
 11301 | Lair:4   | Reached skill level 17 in Ranged Weapons
 11309 | Lair:4   | Identified the +8 sling "Taulul" {drain, rPois Will+}
 11344 | Lair:4   | 11344 ||| RETREATING.
 11412 | Lair:4   | 11412 ||| INVOKING Heroism.
 11415 | Lair:4   | 11415 ||| RETREATING.
 11417 | Lair:4   | 11417 ||| Stepping ~*~*~tactically~*~*~ (retreating).
 11418 | Lair:4   | 11418 ||| Stepping ~*~*~tactically~*~*~ (retreating).
 11419 | Lair:4   | 11419 ||| Stepping ~*~*~tactically~*~*~ (retreating).
 11420 | Lair:4   | 11420 ||| Stepping ~*~*~tactically~*~*~ (retreating).
 11421 | Lair:4   | 11421 ||| Stepping ~*~*~tactically~*~*~ (retreating).
 11422 | Lair:4   | 11422 ||| Stepping ~*~*~tactically~*~*~ (retreating).
 11424 | Lair:4   | 11424 ||| Stepping ~*~*~tactically~*~*~ (retreating).
 11425 | Lair:4   | 11425 ||| Stepping ~*~*~tactically~*~*~ (retreating).
 11426 | Lair:4   | 11426 ||| Stepping ~*~*~tactically~*~*~ (retreating).
 11427 | Lair:4   | 11427 ||| Stepping ~*~*~tactically~*~*~ (retreating).
 11489 | Lair:4   | 11489 ||| RETREATING.
 11498 | Lair:4   | 11498 ||| Stepping ~*~*~tactically~*~*~ (retreating).
 11499 | Lair:4   | 11499 ||| Stepping ~*~*~tactically~*~*~ (retreating).
 11503 | Lair:4   | Gained mutation: Your large and strong wings let you fly.
                  | [Gargoyle growth]
 11503 | Lair:4   | Reached XP level 14. HP: 90/90 MP: 21/21
 11507 | Lair:4   | 11507 ||| INVOKING Heroism.
 11512 | Lair:4   | 11512 ||| Stepping ~*~*~tactically~*~*~ (retreating).
 11513 | Lair:4   | 11513 ||| Stepping ~*~*~tactically~*~*~ (retreating).
 11514 | Lair:4   | 11514 ||| Stepping ~*~*~tactically~*~*~ (retreating).
 11515 | Lair:4   | 11515 ||| Stepping ~*~*~tactically~*~*~ (retreating).
 11532 | Lair:4   | Reached skill level 18 in Ranged Weapons
 11611 | Lair:4   | 11611 ||| Stepping ~*~*~tactically~*~*~ (retreating).
 11663 | Lair:4   | 11663 ||| RETREATING.
 11670 | Lair:4   | 11670 ||| INVOKING Heroism.
 12040 | Lair:5   | Entered Level 5 of the Lair of Beasts
 12041 | Lair:5   | 12041 ||| RETREATING.
 12044 | Lair:5   | 12044 ||| Stepping ~*~*~tactically~*~*~ (retreating).
 12045 | Lair:5   | 12045 ||| Stepping ~*~*~tactically~*~*~ (retreating).
 12058 | Lair:5   | 12058 ||| INVOKING Heroism.
 12064 | Lair:5   | Reached skill level 12 in Fighting
 12107 | Lair:5   | 12107 ||| RETREATING.
 12118 | Lair:5   | 12118 ||| INVOKING Heroism.
 12218 | Lair:5   | Reached ****** piety under Okawaru
 12243 | Lair:5   | Received a gift from Okawaru
 12322 | Lair:5   | 12322 ||| RETREATING.
 12328 | Lair:5   | 12328 ||| Stepping ~*~*~tactically~*~*~ (retreating).
 12329 | Lair:5   | 12329 ||| Stepping ~*~*~tactically~*~*~ (retreating).
 12330 | Lair:5   | 12330 ||| Stepping ~*~*~tactically~*~*~ (retreating).
 12331 | Lair:5   | 12331 ||| Stepping ~*~*~tactically~*~*~ (retreating).
 12334 | Lair:5   | 12334 ||| INVOKING Heroism.
 12412 | Lair:5   | 12412 ||| RETREATING.
 12414 | Lair:5   | 12414 ||| Stepping ~*~*~tactically~*~*~ (retreating).
 12415 | Lair:5   | 12415 ||| Stepping ~*~*~tactically~*~*~ (retreating).
 12416 | Lair:5   | 12416 ||| Stepping ~*~*~tactically~*~*~ (retreating).
 12438 | Lair:5   | 12438 ||| Stepping ~*~*~tactically~*~*~ (retreating).
 12439 | Lair:5   | 12439 ||| Stepping ~*~*~tactically~*~*~ (retreating).
 12440 | Lair:5   | 12440 ||| Stepping ~*~*~tactically~*~*~ (retreating).
 12473 | Lair:5   | 12473 ||| RETREATING.
 12474 | Lair:5   | 12474 ||| Stepping ~*~*~tactically~*~*~ (retreating).
 12608 | Lair:5   | Reached skill level 19 in Ranged Weapons
 12632 | Lair:5   | 12632 ||| DROPPING +1 pair of gloves.
 12684 | Lair:5   | 12684 ||| RETREATING.
 12687 | Lair:5   | 12687 ||| RETREATING.
 12706 | Lair:5   | 12706 ||| INVOKING Heroism.
 12707 | Lair:5   | 12707 ||| INVOKING Finesse.
 12750 | Lair:5   | 12750 ||| INVOKING Heroism.
 12751 | Lair:5   | 12751 ||| READING 10 scrolls of identify.
 12751 | Lair:5   | 12751 ||| IDENTIFYING metallic golden potion
 12856 | Lair:5   | 12856 ||| RETREATING.
 12897 | Lair:5   | Received a gift from Okawaru
 12914 | Lair:5   | 12914 ||| RETREATING.
 12917 | Lair:5   | Reached XP level 15. HP: 98/98 MP: 22/22
 13347 | Lair:5   | 13347 ||| PLANNING D
 13347 | Lair:5   | 13347 ||| DROPPING +2 cloak of stealth.
 13453 | D:12     | 13453 ||| Stepping ~*~*~tactically~*~*~ (retreating).
 13548 | D:12     | Noticed Nessos
 13549 | D:12     | 13549 ||| INVOKING Finesse.
 13551 | D:12     | Killed Nessos
 13552 | D:12     | Reached skill level 9 in Dodging
 13663 | D:12     | 13663 ||| INVOKING Heroism.
 13664 | D:12     | 13664 ||| READING 4 scrolls of teleportation.
 13817 | D:12     | Noticed Lodul
 13825 | D:12     | Killed Lodul
 14512 | D:13     | Received a gift from Okawaru
 14761 | D:13     | 14761 ||| READING 9 scrolls of identify.
 14761 | D:13     | 14761 ||| IDENTIFYING smoky inky potion
 14762 | D:13     | 14762 ||| DROPPING potion of degeneration.
 14837 | D:14     | 14837 ||| RETREATING.
 14839 | D:14     | 14839 ||| Stepping ~*~*~tactically~*~*~ (retreating).
 14840 | D:14     | 14840 ||| INVOKING Heroism.
 14841 | D:14     | 14841 ||| Stepping ~*~*~tactically~*~*~ (retreating).
 14842 | D:14     | 14842 ||| Stepping ~*~*~tactically~*~*~ (retreating).
 14862 | D:14     | HP: 22/98 [something (9)]
 14864 | D:14     | HP: 3/98 [something (15)]
 14978 | D:14     | 14978 ||| INVOKING Heroism.
 14983 | D:14     | 14983 ||| RETREATING.
 14984 | D:14     | 14984 ||| Stepping ~*~*~tactically~*~*~ (retreating).
 14998 | D:14     | Reached skill level 20 in Ranged Weapons
 15042 | D:14     | 15042 ||| Stepping ~*~*~tactically~*~*~ (outnumbered).
 15053 | D:14     | 15053 ||| INVOKING Heroism.
 15075 | D:14     | Reached skill level 6 in Armour
 15081 | D:14     | 15081 ||| INVOKING Finesse.
 15141 | D:14     | 15141 ||| INVOKING Heroism.
 15145 | D:14     | 15145 ||| RETREATING.
 15151 | D:14     | 15151 ||| Stepping ~*~*~tactically~*~*~ (retreating).
 15157 | D:14     | 15157 ||| Stepping ~*~*~tactically~*~*~ (retreating).
 15173 | D:14     | 15173 ||| INVOKING Heroism.
 15186 | D:14     | Received a gift from Okawaru
 15329 | D:14     | Found a gate to the Vaults.
 15351 | D:14     | 15351 ||| INVOKING Heroism.
 15423 | D:14     | 15423 ||| DROPPING +6 ring of intelligence.
 15448 | D:15     | Entered Level 15 of the Dungeon
 15620 | D:15     | 15620 ||| Stepping ~*~*~tactically~*~*~ (outnumbered).
 15762 | D:15     | 15762 ||| RETREATING.
 15764 | D:15     | 15764 ||| INVOKING Heroism.
 15802 | D:15     | Found a staircase to the Depths.
 15928 | D:15     | 15928 ||| Stepping ~*~*~tactically~*~*~ (retreating).
 15929 | D:15     | 15929 ||| Stepping ~*~*~tactically~*~*~ (retreating).
 15931 | D:15     | Reached XP level 16. HP: 106/106 MP: 23/23
 15932 | D:15     | 15932 ||| Stepping ~*~*~tactically~*~*~ (retreating).
 15944 | D:15     | 15944 ||| INVOKING Heroism.
 15987 | D:15     | 15987 ||| INVOKING Heroism.
 16139 | D:15     | 16139 ||| INVOKING Heroism.
 16272 | D:15     | 16272 ||| PLANNING ORC
 16272 | D:15     | 16272 ||| READING 8 scrolls of identify.
 16272 | D:15     | 16272 ||| IDENTIFYING inky potion
 16273 | D:15     | 16273 ||| DROPPING potion of invisibility.
 16436 | Orc:1    | Entered Level 1 of the Orcish Mines
 16545 | Orc:1    | 16545 ||| Stepping ~*~*~tactically~*~*~ (outnumbered).
 16546 | Orc:1    | 16546 ||| Stepping ~*~*~tactically~*~*~ (outnumbered).
 16547 | Orc:1    | 16547 ||| Stepping ~*~*~tactically~*~*~ (outnumbered).
 16548 | Orc:1    | 16548 ||| Stepping ~*~*~tactically~*~*~ (outnumbered).
 16550 | Orc:1    | 16550 ||| INVOKING Heroism.
 16758 | Orc:2    | Entered Level 2 of the Orcish Mines
 16760 | Orc:2    | Reached skill level 21 in Ranged Weapons
 16978 | Orc:2    | Found a frozen archway.
 16997 | Orc:2    | 16997 ||| FLEEEEING.
 17012 | Orc:2    | 17012 ||| Stepping ~*~*~tactically~*~*~ (outnumbered).
 17037 | Orc:2    | 17037 ||| INVOKING Heroism.
 17060 | Orc:2    | 17060 ||| Stepping ~*~*~tactically~*~*~ (outnumbered).
 17061 | Orc:2    | 17061 ||| Stepping ~*~*~tactically~*~*~ (outnumbered).
 17062 | Orc:2    | 17062 ||| Stepping ~*~*~tactically~*~*~ (outnumbered).
 17065 | Orc:2    | 17065 ||| Stepping ~*~*~tactically~*~*~ (outnumbered).
 17067 | Orc:2    | 17067 ||| Stepping ~*~*~tactically~*~*~ (outnumbered).
 17069 | Orc:2    | 17069 ||| Stepping ~*~*~tactically~*~*~ (outnumbered).
 17103 | Orc:2    | 17103 ||| Stepping ~*~*~tactically~*~*~ (outnumbered).
 17128 | Orc:2    | Noticed Saint Roka
 17129 | Orc:2    | 17129 ||| RETREATING.
 17131 | Orc:2    | 17131 ||| INVOKING Heroism.
 17138 | Orc:2    | 17138 ||| INVOKING Finesse.
 17146 | Orc:2    | Killed Saint Roka
 17208 | Orc:2    | Found Heitoqem's Jewellery Shoppe.
 17212 | Orc:2    | Found Lunu's General Store.
 17215 | Orc:2    | Found Xilan's Antique Weapon Shoppe.
 17544 | Orc:2    | Received a gift from Okawaru
 17726 | Orc:2    | Found a staircase to the Elven Halls.
 17808 | Orc:2    | Found Runnomp's Antique Armour Shoppe.
 17814 | Orc:2    | 17814 ||| BUYING dazzling leather armour (224 gold).
 17814 | Orc:2    | Bought a dazzling leather armour for 224 gold pieces
 17814 | Orc:2    | Identified the +0 leather armour "Boyshruf" {rC+} (You
                  | bought it in a shop on level 2 of the Orcish Mines)
 17814 | Orc:2    | 17814 ||| BUYING pair of boots (144 gold).
 17814 | Orc:2    | Bought a pair of boots for 144 gold pieces
 17814 | Orc:2    | 17814 ||| BUYING warped leather armour (224 gold).
 17814 | Orc:2    | Bought a warped leather armour for 224 gold pieces
 17814 | Orc:2    | Identified the +3 leather armour of Eternity {Will+} (You
                  | bought it in a shop on level 2 of the Orcish Mines)
 17914 | Orc:2    | 17914 ||| PLANNING SHOALS:1-3
 17914 | Orc:2    | 17914 ||| DROPPING +1 pair of gloves of infusion.
 17915 | Orc:2    | 17915 ||| DROPPING +0 leather armour "Boyshruf" {rC+}.
 17916 | Orc:2    | 17916 ||| UPGRADING to +0 pair of boots.
 17921 | Orc:2    | 17921 ||| UPGRADING to +3 leather armour of Eternity
                  | {Will+}.
 17931 | Orc:2    | 17931 ||| READING 7 scrolls of enchant armour.
 17931 | Orc:2    | 17931 ||| ENCHANTING +0 pair of boots.
 17932 | Orc:2    | 17932 ||| READING 6 scrolls of enchant armour.
 17932 | Orc:2    | 17932 ||| ENCHANTING +1 pair of boots.
 18056 | Shoals:1 | Entered Level 1 of the Shoals
 18090 | Shoals:1 | Noticed a kraken
 18099 | Shoals:1 | 18099 ||| INVOKING Heroism.
 18100 | Shoals:1 | 18100 ||| INVOKING Finesse.
 18159 | Shoals:1 | Killed a kraken
 18180 | Shoals:1 | 18180 ||| INVOKING Heroism.
 18186 | Shoals:1 | 18186 ||| RETREATING.
 18189 | Shoals:1 | 18189 ||| Stepping ~*~*~tactically~*~*~ (retreating).
 18190 | Shoals:1 | 18190 ||| Stepping ~*~*~tactically~*~*~ (retreating).
 18195 | Shoals:1 | 18195 ||| Stepping ~*~*~tactically~*~*~ (retreating).
 18196 | Shoals:1 | 18196 ||| Stepping ~*~*~tactically~*~*~ (retreating).
 18197 | Shoals:1 | 18197 ||| RETREATING.
 18259 | Shoals:1 | 18259 ||| INVOKING Heroism.
 18260 | Shoals:1 | 18260 ||| INVOKING Finesse.
 18502 | Shoals:1 | 18502 ||| INVOKING Heroism.
 18599 | Shoals:1 | Identified the +7 trident of the Firefly {venom, Str+2}
 18726 | Shoals:1 | 18726 ||| RETREATING.
 18727 | Shoals:1 | 18727 ||| Stepping ~*~*~tactically~*~*~ (outnumbered).
 18728 | Shoals:1 | 18728 ||| INVOKING Heroism.
 18741 | Shoals:1 | Reached skill level 15 in Fighting
 18855 | Shoals:1 | 18855 ||| READING scroll labelled LEILUMUERO.
 19187 | Shoals:2 | Noticed a kraken
 19191 | Shoals:2 | 19191 ||| INVOKING Heroism.
 19195 | Shoals:2 | HP: 23/108 [kraken (18)]
 19196 | Shoals:2 | 19196 ||| READING 4 scrolls of teleportation.
 19197 | Shoals:2 | 19197 ||| DRINKING 5 potions of heal wounds.
 19198 | Shoals:2 | Killed a kraken
 19343 | Shoals:2 | You are sucked into a shaft and drop 1 floor!
 19355 | Shoals:3 | 19355 ||| INVOKING Heroism.
 19356 | Shoals:3 | HP: 26/108 [merfolk/+0 trident (13)]
 19357 | Shoals:3 | 19357 ||| READING 3 scrolls of teleportation.
 19357 | Shoals:3 | HP: 1/108 [merfolk/+0 trident (14)]
 19357 | Shoals:3 | Mangled by a merfolk

Levels and vault maps discovered:
D:1:      lemuel_arrival_tunnels, layout_basic
D:2:      layout_loops_ring, basic_altar, uniq_robin, uniq_natasha,
          uniq_crazy_yiuf_cottage
D:3:      layout_basic, lemuel_doored_altar, mainiacjoe_overflow_swirl,
          basic_ecumenical_altar, minmay_distorted, uniq_pargi
D:4:      layout_loops_ring, lexackson_kobold_supper, uniq_pikel
D:5:      layout_rooms, kennysheep_flooded_box, uniq_grinder
D:6:      layout_basic, minmay_temple_entry_butterflies, uniq_prince_ribbit1,
          uniq_jeremiah
D:7:      layout_rooms, mainiacjoe_overflow_catwalk, kennysheep_generic_room_3
D:8:      layout_loops_ring, pdpol_wu_jian_five_deadly_venoms, serial_rivers,
          chequers_serial_rivers_marsh, chequers_serial_rivers_large_a,
          chequers_serial_rivers_micro_b, chequers_serial_rivers_small_a,
          chequers_serial_rivers_room_a, gammafunk_ghost_cemetery,
          nicolae_lava_and_water
D:9:      layout_basic, general_overflow_altar,
          kennysheep_orc_monster_closet_entryway
D:10:     minmay_polygon_palace, layout_cave_pools,
          nicolae_hepliaklqana_hazy_memory, nrook_mini_backslash
D:11:     layout_basic, hellmonk_lair_entry_icy, uniq_maurice
D:12:     layout_loops_corners, uniq_nessos, uniq_lodul
D:13:     layout_roguey
D:14:     layout_gridville, hangedman_vaults_entry_quadrant_bands
D:15:     hellmonk_depths_entry_around_the_bend, layout_loops_cross,
          minivault_23
Lair:1:   layout_cave_pods, grunt_megastairs_1
Lair:2:   layout_gridlike, nicolae_shoals_entry_roost, uniq_amaemon
Lair:3:   layout_cellular_growth, hellmonk_spider_entry_life_and_decay,
          uniq_sonja
Lair:4:   layout_roguey, minmay_slime_entry_pillars
Lair:5:   hangedman_lair_tendril_chambers, layout_cave_pods,
          minmay_stone_trees_small, chequers_serial_rivers_room_b, minivault_23,
          disabler_island
Shoals:1: layout_shoals, nicolae_shoals_kraken_intersection
Shoals:2: layout_shoals, serial_shops, shop, nicolae_shop_dealshenge
Shoals:3: layout_shoals, serial_shops, nicolae_shop_competitors_out_of_business,
          nicolae_shoals_so_close
Orc:1:    layout_caves
Orc:2:    grunt_orc_cross, layout_caves, portal_ice_cave_entry_ice_simulacra

Skill      XL: |  1  2  3  4  5  6  7  8  9 10 11 12 13 14 15 16 |
---------------+-------------------------------------------------+-----
Ranged Weapons | 5 6 8 9 11 13 14 15 17 19 20 21 | 21.2
Fighting       | 3 4 5 7 8 9 10 11 13 14 15 | 15.0
Armour         | 1 2 3 4 5 6 7 |  7.0
Invocations    | 1 4 5 9 10 | 10.0
Dodging        | 3 4 5 6 7 8 9 10 | 10.0
Stealth        | |  1.1

Action                     |  1- 3 |  4- 6 |  7- 9 | 10-12 | 13-15 | 16-18 || total
---------------------------+-------+-------+-------+-------+-------+-------++-------
   Fire: Shortbow          |    42 |   151 |   193 |       |       |       ||   386
         Orcbow            |       |       |   137 |   497 |       |       ||   634
         Arbalest          |       |       |       |   179 |       |       ||   179
         Longbow           |       |       |       |    64 |   181 |       ||   245
         Triple crossbow   |       |       |       |       |   625 |   403 ||  1028
 Invoke: Heroism           |       |       |    12 |    20 |    21 |    13 ||    66
         Finesse           |       |       |       |       |     5 |     3 ||     8
    Use: Scroll            |     4 |     5 |     6 |    15 |     5 |     6 ||    41
         Potion            |       |       |     2 |     1 |       |     1 ||     4
 Armour: Leather armour    |    13 |    14 |       |       |       |    74 ||   101
         Ring mail         |       |    58 |       |       |       |       ||    58
         Troll leather arm |       |    12 |   121 |   199 |   301 |    47 ||   680
  Dodge: Dodged            |     5 |    60 |   103 |   281 |   480 |   177 ||  1106

Table legend:
 A = Non-vault XP
 B = Vault XP
 C = Vault XP percentage of total XP
 D = Non-vault monster count
 E = Vault monster count
 F = Vault count percentage of total count
                 A         B        C        D         E       F
            +---------+---------+-------+---------+---------+-------
      Total |  118885 |   49774 |  29.5 |     582 |     201 |  25.7
            +---------+---------+-------+---------+---------+-------
        D:1 |      23 |       0 |   0.0 |      14 |       0 |   0.0
        D:2 |     136 |      65 |  32.3 |      19 |       9 |  32.1
        D:3 |     137 |     136 |  49.8 |      16 |       3 |  15.8
        D:4 |     401 |     746 |  65.0 |      32 |       9 |  22.0
        D:5 |     699 |     272 |  28.0 |      28 |       1 |   3.4
        D:6 |     889 |     689 |  43.7 |      18 |       2 |  10.0
        D:7 |    1376 |     202 |  12.8 |      22 |       1 |   4.3
        D:8 |    2060 |       0 |   0.0 |      18 |       0 |   0.0
        D:9 |    3145 |    1825 |  36.7 |      31 |      20 |  39.2
       D:10 |    2893 |    4393 |  60.3 |      25 |      15 |  37.5
       D:11 |    3788 |    2360 |  38.4 |      16 |      11 |  40.7
       D:12 |    5642 |    2738 |  32.7 |      13 |      10 |  43.5
       D:13 |    6003 |       0 |   0.0 |      10 |       0 |   0.0
       D:14 |   13605 |    5795 |  29.9 |      32 |      16 |  33.3
       D:15 |   10904 |    2845 |  20.7 |      26 |       6 |  18.8
     Lair:1 |    3811 |    1481 |  28.0 |      12 |       7 |  36.8
     Lair:2 |    7776 |    3010 |  27.9 |      35 |       5 |  12.5
     Lair:3 |    3998 |    1447 |  26.6 |      12 |       4 |  25.0
     Lair:4 |   13024 |     716 |   5.2 |      48 |       4 |   7.7
     Lair:5 |   16626 |   10286 |  38.2 |      55 |      36 |  39.6
   Shoals:1 |   11772 |    1560 |  11.7 |      26 |       1 |   3.7
   Shoals:2 |    3949 |       0 |   0.0 |       7 |       0 |   0.0
   Shoals:3 |     843 |       0 |   0.0 |       1 |       0 |   0.0
      Orc:1 |    1738 |       0 |   0.0 |      19 |       0 |   0.0
      Orc:2 |    3647 |    9208 |  71.6 |      47 |      41 |  46.6
            +---------+---------+-------+---------+---------+-------
